 Dungeon Crawl Stone Soup version 0.19.0-2-gae57169 (webtiles) character file.

95 Patate the Skirmisher (level 4, 0/30 HPs)
             Began as a Gargoyle Berserker on Nov 6, 2016.
             Was a Believer of Trog.
             Slain by a hobgoblin
             ... wielding a +0 club
              (3 damage)
             ... on level 3 of the Dungeon.
             The game lasted 00:04:29 (2121 turns).

Patate the Skirmisher (Gargoyle Berserker)          Turns: 2121, Time: 00:04:29

Health: 0/30       AC:  5    Str: 21    XL:     4   Next: 66%
Magic:  4/4        EV: 12    Int:  8    God:    Trog [**....]
Gold:   117        SH:  0    Dex:  9    Spells: 0 memorised, 3 levels left

rFire  . . .     SeeInvis .     a - +0 mace
rCold  . . .     Gourm    .     b - +0 animal skin
rNeg   + . .     Faith    .     (no shield)
rPois  ∞         Spirit   .     (no helmet)
rElec  +         Reflect  .     (no cloak)
rCorr  .         Harm     .     (no gloves)
MR     .....                    (no boots)
Stlth  +.........               (no amulet)
                                (no ring)
                                (no ring)

@: no status effects
A: negative energy resistance 1, electricity resistance, unbreathing,
petrification resistance, rot immunity, AC +3
a: Berserk, Trog's Hand, Burn Spellbooks, Renounce Religion


You were on level 3 of the Dungeon.
You worshipped Trog.
Trog was pleased with you.
You were very hungry.

You visited 1 branch of the dungeon, and saw 3 of its levels.

You collected 117 gold pieces.

Inventory:

Hand Weapons
 a - a +0 mace (weapon)
Armour
 b - a +0 animal skin (worn)
 r - a +0 chain mail
Wands
 p - a wand of paralysis (9/24)
Scrolls
 d - a scroll of recharging {unknown}
 e - a scroll of remove curse {unknown}
 f - a scroll of magic mapping {unknown}
 g - a scroll of fog {unknown}
 i - 2 scrolls of enchant weapon {unknown}
 l - a scroll of amnesia {unknown}
 n - a scroll of immolation {unknown}
 q - 2 scrolls of identify {unknown}
Potions
 h - 3 potions of curing {unknown}
 k - a potion of mutation {unknown}
 m - 4 potions of might {unknown}
 o - a potion of haste {unknown}
 s - a potion of heal wounds {unknown}
 t - a potion of cancellation {unknown}
Comestibles
 c - 3 bread rations
 j - a beef jerky


   Skills:
 + Level 4.5 Fighting
 * Level 3.9 Maces & Flails
 + Level 3.0 Armour
 - Level 1.5 Dodging


You had 3 spell levels left.
You didn't know any spells.

Dungeon Overview and Level Annotations

Branches:
Dungeon (3/15)

Altars:
Fedhas
Nemelex Xobeh
Ru
Trog


Innate Abilities, Weirdness & Mutations

You are resistant to torment.
Your stone body is resilient. (AC +3)
You are immune to poison.
You resist negative energy. (rN+)
You are resistant to electric shocks. (rElec)
You can survive without breathing.
You are immune to petrification.
You are immune to rotting.


Message History

You are feeling very hungry.
The adder barely misses you. The orc wizard casts a spell at you.
You resist with some effort. The orc misses you.
The hobgoblin hits you but does no damage.
You hit the hobgoblin but do no damage. The adder closely misses you.
The orc wizard hits you but does no damage.
The orc hits you but does no damage. The adder bites you.
The hobgoblin closely misses you.
You bump into the rock wall.
The orc wizard hits you but does no damage.
The orc hits you. The adder bites you. The hobgoblin completely misses you.
You bump into the rock wall.
The adder bites you. The orc wizard hits you with a dagger.
* * * LOW HITPOINT WARNING * * *
The orc hits you.
* * * LOW HITPOINT WARNING * * *
You feel less confused. The hobgoblin hits you with a club.
You die...

#. ##### #.# ....
#.##...# .......# #
#.#....# #.#.#....# #
#####$#.#....#... ♣
........@S....#
#♣♣.♣♣########.#go...#
..............#oo...#
####.##...#######.###.#
#..............##o# #
#.##.##....###.##.#
#.##.##....#.# #.#
..##.##..#...# #.#
).##.##..##### #.#


You could see an orc wizard, an adder, 3 orcs and a hobgoblin.

Vanquished Creatures
  4 adders
  2 oozes
  2 worms (D:2)
  A dart slug (D:1)
  2 leopard geckos
  An orc (D:3)
  5 bats (D:1)
  2 giant cockroaches (D:1)
  5 goblins
  7 hobgoblins
  A ball python (D:3)
  2 frilled lizards (D:1)
  A kobold (D:1)
  6 rats
41 creatures vanquished.

Notes
Turn   | Place    | Note
-------+----------+-------------------------------------------
     0 | D:1      | Patate the Gargoyle Berserker began the quest for the Orb.
     0 | D:1      | Reached XP level 1. HP: 14/14 MP: 1/1
   326 | D:1      | Reached XP level 2. HP: 19/19 MP: 2/2
   654 | D:1      | Reached XP level 3. HP: 24/24 MP: 3/3
   665 | D:1      | Reached skill level 4 in Fighting
  1183 | D:2      | Found a bloodstained altar of Trog.
  1192 | D:2      | Found a blossoming altar of Fedhas.
  1195 | D:2      | Found a sparkling altar of Nemelex Xobeh.
  1211 | D:2      | Found a sacrificial altar of Ru.
  1256 | D:2      | Reached XP level 4. HP: 25/30 MP: 4/4
  1258 | D:2      | Reached ** piety under Trog
  2121 | D:3      | Slain by a hobgoblin

Skill      XL: |  1  2  3  4 |
---------------+-------------+-----
Fighting       | 4 |  4.5
Armour         | 3 |  3.0
Maces & Flails | |  3.9
Dodging        | |  1.5

Action                   |  1- 3 |  4- 6 || total
-------------------------+-------+-------++-------
Melee: Mace              |    97 |    59 ||   156
 Stab: Distracted        |       |     1 ||     1
  Eat: Chunk             |       |     3 ||     3
Armor: Animal skin       |    40 |    27 ||    67
Dodge: Dodged            |    82 |    40 ||   122
